 Dungeon Crawl Stone Soup version 0.29-a0-620-g13ace881f2 (webtiles) character file.

Game seed: 4263744905607946222

3481 avis the Archer (level 9, -8/74 HPs)
             Began as a Demigod Ice Elementalist on June 18, 2022.
             Mangled by a troll (10 damage)
             ... on level 8 of the Dungeon.
             The game lasted 01:03:07 (10799 turns).

avis the Archer (Demigod Ice Elementalist)         Turns: 10799, Time: 01:03:08

Health: -8/74      AC: 10    Str:  9    XL:     9   Next: 50%
Magic:  14/16      EV: 13    Int: 17    God:
Gold:   453        SH:  5    Dex: 26    Spells: 7/14 levels left

rFire   . . .      SeeInvis .   b - +1 shortbow
rCold   . . .      Faith    .   (shield currently unavailable)
rNeg    . . .      Spirit   .   e - +0 robe
rPois   .          Reflect  +   g - +0 hat
rElec   .          Harm     .   (no cloak)
rCorr   .          Rampage  .   G - +0 pair of gloves
Will    .....                   f - +0 pair of boots
Stlth   +++.......              F - amulet of reflection
HPRegen 0.22/turn               (no ring)
MPRegen 0.15/turn               (no ring)

@: ice-armoured
A: high MP 1, forlorn, divine attributes
a: no special abilities


You were on level 8 of the Dungeon.
You visited 2 branches of the dungeon, and saw 9 of its levels.
You also visited: Ossuary.

You collected 453 gold pieces.

Inventory:

Hand Weapons
 a - a +2 falchion of electrocution
 b - a +1 shortbow (weapon)
 w - a +0 dagger of venom
Missiles
 Q - a throwing net
Armour
 c - an orb of wrath
 e - a +0 robe (worn)
 f - a +0 pair of boots (worn)
 g - a +0 hat (worn)
 G - a +0 pair of gloves (worn)
Magical Staves
 x - a staff of fire
Jewellery
 F - an amulet of reflection (around neck)
 O - a ring of flight
 X - an amulet of guardian spirit
Wands
 D - a wand of light (4)
 L - a wand of charming (6)
 Z - a wand of flame (27)
Scrolls
 d - a scroll of enchant weapon
 h - a scroll of immolation {unknown}
 i - 4 scrolls of magic mapping
 k - 3 scrolls of silence {unknown}
 l - 4 scrolls of teleportation {unknown}
 m - a scroll of amnesia {unknown}
 n - a scroll of noise {unknown}
 q - a scroll of poison {unknown}
 u - a scroll of vulnerability {unknown}
 y - 3 scrolls of enchant armour {unknown}
 A - a scroll of acquirement {unknown}
 I - a scroll of fog {unknown}
 V - a scroll of summoning {unknown}
Potions
 j - 2 potions of ambrosia
 r - 4 potions of might
 s - 4 potions of resistance
 t - 2 potions of lignification
 z - 3 potions of magic
 J - 2 potions of brilliance
 K - a potion of flight {unknown}
 R - 2 potions of invisibility
 S - a potion of heal wounds {unknown}
 T - a potion of berserk rage {unknown}
 U - 3 potions of curing


   Skills:
 - Level 5.0 Fighting
 * Level 9.8 Bows
 - Level 1.7 Dodging
 - Level 2.0 Stealth
 - Level 3.0 Spellcasting
 - Level 6.0 Ice Magic
 - Level 3.0 Air Magic


You had 7 spell levels left.
You knew the following spells:

 Your Spells              Type           Power      Damage    Failure   Level
a - Freeze                Ice            88%        1d10      1%          1
f - Swiftness             Air            12%        N/A       16%         3
o - Ozocubu's Armour      Ice            22%        N/A       4%          3

Your spell library contained the following spells:

 Spells                   Type           Power      Damage    Failure   Level
 Frozen Ramparts          Ice            44%        1d6       4%          3
 Shock                    Conj/Air       28%        1d4       10%         1
 Airstrike                Air            6%         N/A       45%         4
 Hailstorm                Conj/Ice       12%        3d5       45%         4


Dungeon Overview and Level Annotations

Branches:
Dungeon (8/15)             Temple (1/1) D:7         Ossuary (visited)
   Lair: D:8-11

Shops:
D:7 (

Annotations:
D:4 Grinder


Innate Abilities, Weirdness & Mutations

You have an increased reservoir of magic. (+10% MP)
You shall have no god before yourself.
Your divine heritage dramatically boosts your attributes as you level up.


Message History

Aiming: Charm
Press: ? - help, Shift-Dir - straight line, f/p - killer bee
Aim: a killer bee (chance to affect: 57%)
The killer bee is charmed.
The killer bee misses you. The wyvern closely misses you.
The troll closely misses your killer bee.
The troll claws your killer bee!
The troll completely misses your killer bee.
You block the wyvern's attack.
The killer bee stings you but does no damage.
Aiming: Charm
Press: ? - help, Shift-Dir - straight line, f - wyvern, p - killer bee
Aim: a wyvern (chance to affect: 49%)
The wyvern resists with some effort.
Your killer bee stings the wyvern.
You block the killer bee's attack. The wyvern barely misses you.
The troll barely misses your killer bee.
The troll claws your killer bee.
The troll barely misses your killer bee.
Your killer bee stings the wyvern!
The wyvern is poisoned.
Your killer bee poisons the wyvern!
You block the killer bee's attack.
Aiming: Charm
Press: ? - help, Shift-Dir - straight line, f/p - wyvern
Aim: a wyvern (heavily wounded, very poisoned, ally target, chance to affect: 49%)
The wyvern resists with some effort.
Your killer bee stings the wyvern!
The wyvern looks as sick as possible!
Your killer bee poisons the wyvern!
The killer bee stings you but does no damage.
The wyvern bites your killer bee!
Your killer bee dies!
The wyvern bites you!
* * * LOW HITPOINT WARNING * * *
The killer bee closely misses you.
Aiming: Charm
Press: ? - help, Shift-Dir - straight line, f - killer bee, p - wyvern
Aim: a killer bee (severely wounded, chance to affect: 57%)
The killer bee is charmed.
The wyvern bites you.
* * * LOW HITPOINT WARNING * * *
The troll bites you!
* * * LOW HITPOINT WARNING * * *
The troll claws you!
You die...

......... .......
...... ..... ######...
#....... #....Tl# ..
#....y@# ... #......#
#.......≈≈≈.
#.....†###........#≈
#.................≈
#.................####≈
#...................≈≈≈
#................≈.≈≈≈
#...........).........
#........#....<..#


You could see a troll, a wyvern (extremely poisoned) and a friendly killer bee
(charmed).

Vanquished Creatures
  Pikel (D:5)
  Prince Ribbit (D:5)
  Eustachio (D:6)
  A water moccasin (D:7)
  An orc warrior (D:7)
  Duvessa (D:6)
  2 ice beasts (D:7)
  A sky beast (D:7)
  An ogre (D:7)
  2 centaurs
  A phantom (D:5)
  2 bullfrogs
  2 necrophages
  6 scorpions
  Dowan (D:6)
  7 killer bees (D:8)
  An electric eel (D:7)
  3 jellies
  An orc priest (D:2)
  A gnoll shaman (D:2)
  A hound (D:6)
  Terence (D:2)
  5 iguanas
  4 orc wizards
  A hound zombie (Ossuary)
  4 mummies (Ossuary)
  10 adders
  7 gnolls
  3 white imps
  5 ufetubi
  An adder zombie (Ossuary)
  2 worms (D:2)
  A dart slug (D:1)
  15 orcs
  7 endoplasms
  4 giant cockroaches
  7 goblins
  7 hobgoblins
  9 jackals
  8 kobolds
  6 quokkas
  7 ball pythons
  7 bats
  6 frilled lizards
  2 hobgoblin zombies (Ossuary)
  A jackal zombie (Ossuary)
  2 kobold zombies (Ossuary)
  An orc zombie (Ossuary)
  3 rats
  4 rat zombies (Ossuary)
178 creatures vanquished.

Vanquished Creatures (others)
  A killer bee (D:8)
  5 plants (D:2)
6 creatures vanquished.

Grand Total: 184 creatures vanquished

Notes
Turn   | Place    | Note
-------+----------+-------------------------------------------
     0 | D:1      | avis the Demigod Ice Elementalist began the quest for the
                  | Orb.
     0 | D:1      | Reached XP level 1. HP: 14/14 MP: 5/5
   326 | D:1      | Reached XP level 2. HP: 20/20 MP: 7/7
  1365 | D:2      | Noticed Terence
  1398 | D:2      | Reached XP level 3. HP: 26/26 MP: 6/8
  1477 | D:2      | Learned a level 3 spell: Ozocubu's Armour
  1483 | D:2      | Killed Terence
  1654 | D:2      | Reached skill level 5 in Ice Magic
  1754 | D:2      | Reached XP level 4. HP: 16/33 MP: 5/9
  2553 | D:2      | Learned a level 3 spell: Swiftness
  2932 | D:3      | Reached XP level 5. HP: 22/39 MP: 6/10
  3174 | D:3      | Reached skill level 1 in Fighting
  4865 | D:4      | Reached XP level 6. HP: 48/48 MP: 6/13
  4874 | D:4      | Reached skill level 1 in Air Magic
  5541 | D:5      | Entered Level 5 of the Dungeon
  6351 | D:4      | Reached XP level 7. HP: 42/57 MP: 14/14
  6470 | D:5      | You fall into a shaft and drop 1 floor!
  6649 | D:5      | Noticed Grinder
  6659 | D:5      | Paralysed by Grinder for 4 turns
  6677 | D:5      | HP: 1/59 [Grinder/nerve-wracking pain (14)]
  7230 | D:5      | Noticed an angel
  7237 | D:5      | Noticed Pikel
  7280 | D:5      | HP: 1/60 [lemure[Pikel] (4)]
  7281 | D:5      | Killed Pikel
  7282 | D:5      | Reached skill level 5 in Fighting
  7282 | D:5      | Reached skill level 4 in Bows
  7282 | D:5      | Reached XP level 8. HP: 1/68 MP: 5/15
  7791 | D:5      | Noticed a profane servitor
  7844 | D:6      | Reached skill level 5 in Bows
  7989 | D:6      | Noticed Prince Ribbit
  7989 | D:6      | Noticed Duvessa
  8105 | D:5      | Killed Prince Ribbit
  8106 | D:5      | Reached skill level 6 in Bows
  8309 | D:6      | Noticed Dowan
  8392 | D:6      | Killed Duvessa
  8402 | D:6      | Killed Dowan
  8671 | D:6      | Reached skill level 7 in Bows
  9089 | D:6      | Noticed Eustachio
  9274 | D:6      | Killed Eustachio
  9496 | D:7      | Reached XP level 9. HP: 74/74 MP: 13/16
  9499 | D:7      | Found Kaxzuw's Weapon Emporium.
  9518 | D:7      | Found a sand-covered staircase.
  9523 | Ossuary  | Entered an ossuary
  9910 | D:7      | Found a staircase to the Ecumenical Temple.
  9952 | D:7      | Reached skill level 8 in Bows
 10306 | D:7      | Reached skill level 9 in Bows
 10594 | Temple   | Entered the Ecumenical Temple
 10799 | D:8      | HP: 2/74 [troll (14)]
 10799 | D:8      | Mangled by a troll

Illustrated notes

Levels and vault maps discovered:
D:1:      dpeg_arrival_concentric_ovals, layout_basic,
          hellmonk_ecumenical_altar_arch_garden, ebering_dispersal_statue_hall,
          minmay_pentomino_v4
D:2:      layout_loops_corners, chequers_serial_rivers_micro_a,
          serial_bayou_pond_b, uniq_terence
D:3:      layout_loops_ring, xom_teletrap_fun, kennysheep_generic_room_9
D:4:      layout_basic, marbit_many_paths, nicolae_overflow_crystal_walls,
          moated_statue
D:5:      layout_rooms, grunt_temple_overflow_holy_war,
          kennysheep_pointless_box, uniq_pikel, uniq_grinder
D:6:      layout_rooms, mainiacjoe_overflow_boulevard, amcnicky_altar_gilded,
          kennysheep_generic_room_13, uniq_prince_ribbit1, uniq_eustachio,
          uniq_duvessa
D:7:      layout_rooms, minmay_temple_entry_ruins, enter_ossuary_2,
          serial_shops, nicolae_shop_statue_plus, fountainhead
D:8:      layout_basic, fedhas_altar_4, nicolae_qazlal_general_emergency,
          kennysheep_little_box
Temple:   nicolae_temple_figure_zero

Skill      XL: |  1  2  3  4  5  6  7  8  9 |
---------------+----------------------------+-----
Ice Magic      | 4 5 6 |  6.0
Spellcasting   | 2 3 |  3.0
Stealth        | 2 |  2.0
Fighting       | 2 3 5 |  5.0
Air Magic      | 2 3 |  3.0
Bows           | 4 7 9 |  9.8
Dodging        | |  1.7

Action                   |  1- 3 |  4- 6 |  7- 9 || total
-------------------------+-------+-------+-------++-------
Melee: Dagger            |    25 |   213 |    89 ||   327
       Punch             |       |     4 |     3 ||     7
       Hand axe          |       |     2 |       ||     2
       Falchion          |       |       |    33 ||    33
 Fire: Shortbow          |       |       |   250 ||   250
       Hunting sling     |       |       |     2 ||     2
 Cast: Freeze            |    48 |    42 |       ||    90
       Ozocubu's Armour  |       |    16 |    40 ||    56
       Swiftness         |       |       |     4 ||     4
Evoke: Wand              |       |       |     6 ||     6
  Use: Potion            |       |       |     6 ||     6
       Scroll            |       |       |     9 ||     9
 Stab: Sleeping          |     4 |    10 |     1 ||    15
       Distracted        |       |     1 |       ||     1
Armor: Robe              |     5 |    88 |   155 ||   248
Dodge: Dodged            |    41 |   201 |   267 ||   509
Block: Other             |       |    30 |    81 ||   111
       Reflection        |       |       |     3 ||     3

Table legend: (Time is in decaauts)
 A = Elapsed time spent in this place.
 B = Non-inter-level travel time spent in this place.
 C = Inter-level travel time spent in this place.
 D = Time resting spent in this place.
 E = Time spent auto-exploring this place.
 F = Levels seen in this place.
 G = Mean time per level.
                   A        B        C        D        E       F      G
               +--------+--------+--------+--------+--------+-----+--------+
         Total |  10833 |  10449 |    384 |   4301 |   3708 |  10 | 1083.3 |
       Dungeon |  10557 |  10173 |    384 |   4262 |   3708 |   8 | 1319.6 |
        Temple |     15 |     15 |      0 |      0 |      0 |   1 |   15.0 |
       Ossuary |    260 |    260 |      0 |     39 |      0 |   1 |  260.0 |
               +--------+--------+--------+--------+--------+-----+--------+

Top non-repeatable levels by time:
     D:2: 2331 daAuts
     D:4: 2009 daAuts
     D:5: 1680 daAuts
     D:6: 1411 daAuts
     D:3: 1226 daAuts
     D:7: 891 daAuts
     D:1: 832 daAuts
 Ossuary: 260 daAuts
     D:8: 174 daAuts
  Temple: 15 daAuts
